 Dungeon Crawl Stone Soup version 0.17-a0-1368-g6ab37f2 (webtiles) character file.

163 Eglamore the Poker (level 5, 42/42 HPs)
             Began as a Demonspawn Berserker on June 12, 2015.
             Was a Believer of Trog.
             Quit the game on level 3 of the Dungeon.
             The game lasted 00:05:50 (2161 turns).

Eglamore the Poker (Demonspawn Berserker)           Turns: 2161, Time: 00:05:51

Health: 42/42      AC: 11    Str: 19    XL:     5   Next: 20%
Magic:  5/5        EV:  6    Int:  8    God:    Trog [**....]
Gold:   95         SH:  0    Dex: 12    Spells: 0 memorised, 4 levels left

rFire  x . .     SeeInvis .     i - +0 spear
rCold  + . .     Clarity  .     g - +0 plate armour
rNeg   . . .     SustAt   .     (no shield)
rPois  .         Gourm    .     (no helmet)
rElec  .         Spirit   +     (no cloak)
rCorr  .         Warding  .     (no gloves)
rMut   +         Stasis   .     (no boots)
MR     .....                    j - amulet of resist mutation
Stlth  ..........               (no ring)
                                b - ring of ice

@: not resistant to hostile enchantments, extremely unstealthy
A: talons 1, powered by death 1, magic shield
a: Burn Spellbooks, Berserk, Trog's Hand, Renounce Religion


You were on level 3 of the Dungeon.
You worshipped Trog.
Trog was pleased with you.
You were not hungry.

You visited 1 branch of the dungeon, and saw 3 of its levels.

You collected 95 gold pieces.

Inventory:

Hand weapons
 i - a +0 spear (weapon)
Armour
 g - a +0 plate armour (worn)
Jewellery
 b - a ring of ice (left hand)
 j - an amulet of resist mutation (around neck)
Scrolls
 e - a scroll of remove curse
 h - 2 scrolls of teleportation
Potions
 a - 2 potions of curing {unknown}
 d - 2 potions of cure mutation
 l - a potion of brilliance {unknown}
Comestibles
 c - 2 bread rations
 f - a chunk of flesh


   Skills:
 + Level 3.8 Fighting
 + Level 3.8 Polearms
 + Level 2.6 Armour
 + Level 2.9 Dodging


You had 4 spell levels left.
You didn't know any spells.

Dungeon Overview and Level Annotations

Branches:
Dungeon (3/15)

Altars:


Innate Abilities, Weirdness & Mutations

You have sharp toenails.
You regenerate a little health from kills.
When hurt, damage is shared between your health and your magic reserves.


Message History

Jessica blinks!
Jessica gestures at you while chanting. Pain shoots through your body!
You hit Jessica.
You kill Jessica!
Trog accepts your kill.
Trog appreciates your killing of a magic user.
You see here a robe.
Things that are here:
a club; a hobgoblin corpse You butcher the hobgoblin corpse.
f - 2 chunks of flesh
Things that are here:
a club; a hobgoblin skeleton You feel less regenerative.
You see here a robe.
Eat one of 2 chunks of flesh? (ye/n/q/i?) This raw flesh tastes terrible.
You continue eating. x2
Are you sure you want to abandon this character and quit the game? (Confirm with "yes".)

................
###..###.#######
###..###.##
..........######
#....###.....>..
#.#......#######
....###..# #
#.#.#.###..#######.#.#
....<....@....).....#
#.#.#.###.########.#.#
.ยง #.# # #. #.# # ..#
#.. #.# #.#


There were no monsters in sight!

Vanquished Creatures
  Jessica (D:3)
  3 gnolls (D:2)
  5 adders
  2 oozes (D:1)
  2 worms (D:2)
  2 giant geckos
  7 bats
  4 goblins
  3 hobgoblins
  3 jackals (D:1)
  9 kobolds
  2 ball pythons
  3 giant cockroaches (D:2)
  A giant newt (D:1)
  4 rats
51 creatures vanquished.

Notes
Turn   | Place    | Note
--------------------------------------------------------------
     0 | D:1      | Eglamore the Demonspawn Berserker began the quest for the Orb.
     0 | D:1      | Reached XP level 1. HP: 18/18 MP: 1/1
   197 | D:1      | Gained mutation: When hurt, damage is shared between your health and your magic reserves. [demonic ancestry]
   197 | D:1      | Reached XP level 2. HP: 17/24 MP: 2/2
   407 | D:1      | Gained mutation: You have sharp toenails. [demonic ancestry]
   407 | D:1      | Reached XP level 3. HP: 14/29 MP: 3/3
   674 | D:1      | Acquired Trog's second power
   706 | D:2      | Found a faded altar to an unknown god.
   950 | D:2      | Reached XP level 4. HP: 31/35 MP: 4/4
  2113 | D:3      | Noticed Jessica
  2128 | D:3      | Gained mutation: You regenerate a little health from kills. [demonic ancestry]
  2128 | D:3      | Reached XP level 5. HP: 42/42 MP: 5/5
  2144 | D:3      | Killed Jessica
  2161 | D:3      | Quit the game

Vault maps used:
D:1:      minmay_arrival_shattered_statue
D:2:      ecumenical_altar_2
D:3:      uniq_jessica

Action                   |  1- 3 |  4- 6 || total
-------------------------+-------+-------++-------
Melee: Spear             |   193 |   107 ||   300
Invok: Berserk           |     2 |     1 ||     3
  Use: Scroll            |     5 |     1 ||     6
       Potion            |     2 |       ||     2
  Eat: Chunk             |     3 |     5 ||     8
